 Dungeon Crawl Stone Soup version 0.29.1-12-g30fa7ad0bf (webtiles) character file.

Game seed: 10957362746341117532

2311 kingsuperguy the Carver (level 9, -1/78 HPs)
             Began as a Minotaur Berserker on Dec 16, 2022.
             Was an Elder of Trog.
             Killed by nerve-wracking pain
             ... invoked by a shadow imp
              (8 damage)
             ... on level 7 of the Dungeon on Dec 17, 2022.
             The game lasted 00:11:26 (7448 turns).

kingsuperguy the Carver (Minotaur Berserker)        Turns: 7448, Time: 00:11:27

Health: -1/78      AC: 10    Str: 29    XL:     9   Next: 18%
Magic:  17/17      EV:  8    Int:  4    God:    Trog [****..]
Gold:   437        SH:  8    Dex: 11    Spells: 8/8 levels left

rFire   . . .      SeeInvis .   a - +0 falchion
rCold   . . .      Faith    .   f - +0 kite shield
rNeg    . . .      Spirit   .   w - +0 chain mail
rPois   .          Reflect  .   (helmet unavailable)
rElec   .          Harm     .   (no cloak)
rCorr   .          Rampage  .   (no gloves)
Will    .....                   (no boots)
Stlth   ..........              (no amulet)
HPRegen 0.23/turn               B - ring of Luhaemm {MP+9 Slay+4}
MPRegen 0.15/turn               C - +6 ring of strength

@: marked, flying
A: horns 3, retaliatory headbutt, sense surroundings 1, weak 1, MP-powered wands
a: Renounce Religion, Berserk, Trog's Hand, Brothers in Arms


You were on level 7 of the Dungeon.
You worshipped Trog.
Trog was greatly pleased with you.
You visited 1 branch of the dungeon, and saw 7 of its levels.

You collected 476 gold pieces.
You spent 39 gold pieces at shops.

Inventory:

Hand Weapons
 a - a +0 falchion (weapon)
Missiles
 y - a throwing net (quivered)
Armour
 b - a +0 animal skin
 f - a +0 kite shield (worn)
 k - a +0 leather armour
 w - a +0 chain mail (worn)
Jewellery
 q - a +4 ring of evasion
 B - the ring of Luhaemm (left hand) {MP+9 Slay+4}
   (You found it on level 6 of the Dungeon)

   [ring of magical power]

   Slay:      It affects your accuracy & damage with ranged weapons and melee
   (+4).
   MP:        It affects your magic capacity (+9).
 C - a +6 ring of strength (right hand)
Wands
 x - a wand of quicksilver (12)
Scrolls
 c - a scroll of vulnerability {unknown}
 d - a scroll of poison {unknown}
 e - 2 scrolls of noise {unknown}
 l - 5 scrolls of teleportation
 m - 3 scrolls of fear {unknown}
 n - 7 scrolls of identify {unknown}
 o - a scroll of brand weapon {unknown}
 u - 2 scrolls of immolation {unknown}
 A - a scroll of summoning {unknown}
Potions
 g - 3 potions of brilliance {unknown}
 h - a potion of cancellation {unknown}
 i - 2 potions of might {unknown}
 j - a potion of curing
 p - 3 potions of attraction {unknown}
 s - 2 potions of heal wounds {unknown}
 t - 2 potions of invisibility {unknown}
 v - a potion of resistance {unknown}
 z - a potion of degeneration {unknown}
 D - a potion of mutation


   Skills:
 + Level 6.7 Fighting
 + Level 10.0 Long Blades
 + Level 8.1 Armour
 + Level 3.6 Dodging
 + Level 1.0 Stealth
 + Level 4.4 Shields


You had 8 spell levels left.
You didn't know any spells.
Your spell library was empty.

Dungeon Overview and Level Annotations

Branches:
Dungeon (7/15)             Temple (0/1) D:6

Altars:
Dithmenos
Zin

Shops:
D:2 ?   D:6 :

Annotations:
D:3 2 transporters, hawla's ghost, weakling MeFE
D:6 2 transporters


Innate Abilities, Weirdness & Mutations

You have a pair of large horns on your head.
You reflexively headbutt those who attack you in melee.
You passively map a small area around you.
You are weak. (Str -2)
You expend magic power (3 MP) to strengthen your wands.


Message History

The hound barely misses you. The ice beast attacks as you move away!
The ice beast hits you. The ice beast freezes you!
* * * LOW HITPOINT WARNING * * *
The shadow imp hits you but does no damage.
The white imp hits you.
* * * LOW HITPOINT WARNING * * *
The white imp freezes you.
* * * LOW HITPOINT WARNING * * *
A shadow imp comes into view.
The ufetubus hits you.
* * * LOW HITPOINT WARNING * * *
You block the ufetubus's attack. The white imp attacks as you move away!
The white imp hits you.
* * * LOW HITPOINT WARNING * * *
The white imp freezes you.
* * * LOW HITPOINT WARNING * * *
An ice beast comes into view.
You block the hound's attack.
It was a potion of flight.
You feel very buoyant.
You fly up into the air.
A gnoll bouda comes into view. It is wielding a +0 club.
The shadow imp hits you but does no damage.
You block the white imp's attack.
The gnoll throws a boomerang.
The boomerang hits you.
* * * LOW HITPOINT WARNING * * *
The hound closely misses you.
Unknown command.
It was a potion of mutation.
You feel extremely strange.
You feel a strange attunement to the structure of the dungeons.
You feel weaker. The horns on your head grow some more.
You feel your magical essence link to the dungeon's wands.
The hound bites you but does no damage.
The white imp hits you but does no damage.
The gnoll bouda barks out a call to the hunt!
The gnoll picks up the pace!
The shadow imp gestures at you. Pain shoots through your body!
You die...

, .........#......
.,#.......#..|... , #
..##Y....##...... , * #.
*,.....#...#.....†. , ,
... ,#....#......#..#. ,
, #.., ##........###..#.
, ,
,#..###..###........###
.##...#....##.##...#.# #
...>...@5Y###......#.###
......5h5............#..
*
...5?..o....)#..#.......
g...g.c.....##..#......#
##..##..o....#......#.##
,
#.......†..........#.##
#..............#..##..#
, *
.#....#......###..#....
* ,
............##....##.#


You could see 2 ice beasts, a centaur, a gnoll bouda, a hound, a gnoll (swift),
a white imp, 2 shadow imps, 2 orcs and an ufetubus.

Vanquished Creatures
  A two-headed ogre (D:7)
  2 water moccasins (D:6)
  2 ice beasts
  An ogre (D:5)
  A centaur (D:5)
  2 phantoms
  3 bullfrogs
  3 scorpions
  A necrophage (D:5)
  A killer bee (D:7)
  A hound (D:6)
  2 jellies
  An orc priest (D:6)
  3 iguanas
  5 orc wizards
  Robin (D:2)
  11 adders
  A shadow imp (D:4)
  An ufetubus (D:4)
  A worm (D:2)
  A dart slug (D:5)
  19 orcs
  6 ball pythons
  7 endoplasms
  2 giant cockroaches
  13 hobgoblins
  7 jackals
  3 quokkas
  5 bats
  5 frilled lizards
  11 goblins
  7 kobolds
  4 rats
134 creatures vanquished.

Vanquished Creatures (others)
  6 plants (D:6)
6 creatures vanquished.

Grand Total: 140 creatures vanquished

Notes
Turn   | Place    | Note
-------+----------+-------------------------------------------
     0 | D:1      | kingsuperguy the Minotaur Berserker began the quest for the
                  | Orb.
     0 | D:1      | Reached XP level 1. HP: 19/19 MP: 0/0
   464 | D:1      | Reached skill level 4 in Long Blades
   466 | D:1      | Reached XP level 2. HP: 18/27 MP: 1/1
  1369 | D:2      | Found Tiesk's Magic Scroll Shop.
  1389 | D:2      | Bought a scroll of teleportation for 39 gold pieces
  1535 | D:2      | Reached XP level 3. HP: 33/33 MP: 2/2
  1545 | D:2      | Reached ** piety under Trog
  1688 | D:2      | Noticed Robin
  1703 | D:2      | Killed Robin
  1704 | D:2      | Reached skill level 5 in Long Blades
  1714 | D:2      | Reached XP level 4. HP: 10/40 MP: 3/3
  2851 | D:3      | Found a transporter.
  2855 | D:3      | Noticed hawla's ghost (weakling MeFE)
  2912 | D:3      | Found a transporter.
  3129 | D:3      | Found a faded altar of an unknown god.
  3129 | D:3      | Noticed an orange demon
  3625 | D:4      | Reached XP level 5. HP: 19/47 MP: 4/4
  3964 | D:4      | Found a shadowy altar of Dithmenos.
  4275 | D:4      | Reached skill level 1 in Shields
  4935 | D:5      | Entered Level 5 of the Dungeon
  4938 | D:5      | Noticed an ice beast
  4939 | D:5      | Noticed an ogre
  4946 | D:5      | Killed an ogre
  4947 | D:5      | Reached skill level 6 in Long Blades
  4947 | D:5      | Reached XP level 6. HP: 50/53 MP: 5/5
  4950 | D:5      | Killed an ice beast
  4952 | D:5      | Reached *** piety under Trog
  4953 | D:5      | Reached skill level 5 in Fighting
  5235 | D:5      | Reached XP level 7. HP: 24/61 MP: 6/6
  5285 | D:5      | Reached skill level 5 in Armour
  5286 | D:5      | Reached skill level 7 in Long Blades
  5766 | D:5      | Found a glowing silver altar of Zin.
  5882 | D:6      | Found Moizew's Book Emporium.
  5929 | D:6      | Identified the ring of Luhaemm {MP+9 Slay+4}
  6096 | D:6      | Found a staircase to the Ecumenical Temple.
  6119 | D:6      | Reached XP level 8. HP: 70/70 MP: 7/7
  6134 | D:6      | Reached skill level 8 in Long Blades
  6180 | D:6      | Reached skill level 1 in Stealth
  6581 | D:6      | Found a transporter.
  6582 | D:6      | Found a transporter.
  6584 | D:6      | Identified the +3 spear of Hatruym {chaos, rN+ Str-5 Dex+5
                  | SInv}
  6887 | D:6      | Identified the amulet of Qonor {Acrobat rElec rC+}
  7043 | D:7      | Reached skill level 9 in Long Blades
  7043 | D:7      | Reached **** piety under Trog
  7194 | D:7      | Noticed a two-headed ogre
  7200 | D:7      | Killed a two-headed ogre
  7201 | D:7      | Reached XP level 9. HP: 56/78 MP: 8/8
  7440 | D:7      | Reached skill level 10 in Long Blades
  7448 | D:7      | Gained mutation: You passively map a small area around you.
                  | [potion of mutation]
  7448 | D:7      | Gained mutation: You are weak. (Str -2) [potion of
                  | mutation]
  7448 | D:7      | Gained mutation: You have a pair of large horns on your
                  | head. [potion of mutation]
  7448 | D:7      | Gained mutation: You expend magic power (3 MP) to
                  | strengthen your wands. [potion of mutation]
  7448 | D:7      | Killed from afar by a shadow imp

Illustrated notes

Levels and vault maps discovered:
D:1:      eino_arrival_cavern_a, layout_basic, minmay_liquid_box,
          grunt_decor_arrowhead
D:2:      layout_basic, serial_shops, shop, st_stairs_6, minmay_parallelograms,
          uniq_robin
D:3:      layout_basic, dreamdust_ecumenical_altar_sealed_demon,
          gammafunk_ghost_mausoleum
D:4:      layout_basic, nicolae_dithmenos_shadow_blocks
D:5:      layout_rooms, zin_statuary, st_stairs_10
D:6:      layout_rooms, minmay_temple_entry_steel_oval,
          gammafunk_ghost_gnarly_gnolls, serial_shops, nicolae_shop_trees
D:7:      layout_cave_pools, hangedman_decor_points, minmay_between

Skill      XL: |  1  2  3  4  5  6  7  8  9 |
---------------+----------------------------+-----
Long Blades    | 4 5 6 7 9 10 | 10.0
Fighting       | 4 5 6 |  6.7
Armour         | 3 4 6 7 8 |  8.1
Shields        | 1 2 3 4 |  4.4
Dodging        | 3 |  3.6
Stealth        | 1 |  1.0

Action                   |  1- 3 |  4- 6 |  7- 9 || total
-------------------------+-------+-------+-------++-------
Melee: Falchion          |   100 |   150 |   155 ||   405
       Headbutt          |    15 |    35 |    29 ||    79
Invok: Berserk           |     1 |     2 |     1 ||     4
  Use: Potion            |       |       |     5 ||     5
Armor: Animal skin       |     1 |       |       ||     1
       Leather armour    |    22 |    22 |       ||    44
       Chain mail        |       |    42 |    92 ||   134
Dodge: Dodged            |    48 |    69 |    44 ||   161
Block: Kite shield       |    22 |    50 |    76 ||   148
